 Dungeon Crawl Stone Soup version 0.31-a0-237-g2d982f9f85 (webtiles) character file.

Game seed: 13066427158060388663

171 Iniera the Chopper (level 5, 0/39 HPs)
             Began as a Vampire Fighter on July 11, 2023.
             Slain by an ogre
             ... wielding a +0 giant club
              (8 damage)
             ... on level 4 of the Dungeon.
             The game lasted 00:02:50 (1939 turns).

Iniera the Chopper (Vampire Fighter)                Turns: 1939, Time: 00:02:50

Health: 0/39       AC:  9    Str: 17    XL:     5   Next: 26%
Magic:  5/5        EV:  7    Int: 10    God:
Gold:   168        SH:  4    Dex: 14    Spells: 4/4 levels left

rFire   . . .        a - +0 war axe
rCold   . . .        c - +0 buckler
rNeg    . . .        s - +0 chain mail
rPois   .            m - +0 helmet
rElec   .            (no cloak)
rCorr   .            (no gloves)
SInv    +            (no boots)
Will    .....        p - amulet of magic regeneration Stlth
                     (no ring)
HPRegen 0.46/turn    (no ring)
MPRegen 0.49/turn

%: no passive effects
@: healing quickly
A: alive, fangs 3, see invisible, vampiric 2
a: Exsanguinate


You were on level 4 of the Dungeon.
You visited 1 branch of the dungeon, and saw 4 of its levels.

You collected 168 gold pieces.

Inventory:

Hand Weapons
 a - a +0 war axe (weapon)
Armour
 c - a +0 buckler (worn)
 m - a +0 helmet (worn)
 s - a +0 chain mail (worn)
Jewellery
 p - an amulet of magic regeneration (around neck)
Wands
 k - a wand of flame (24)
Scrolls
 e - a scroll of enchant weapon
 g - 2 scrolls of teleportation
 j - 3 scrolls of identify
 o - a scroll of poison {unknown}
Potions
 d - 2 potions of might
 f - a potion of attraction
 h - a potion of invisibility {unknown}
 i - 4 potions of resistance {unknown}
 l - a potion of cancellation {unknown}
 n - a potion of enlightenment {unknown}
 q - 2 potions of brilliance {unknown}
 r - a potion of ambrosia {unknown}


   Skills:
 + Level 2.7 Fighting
 * Level 5.0 Axes
 - Level 2.4 Armour
 - Level 2.6 Shields
 + Level 0.2 Invocations


You had 4 spell levels left.
You didn't know any spells.
Your spell library contained the following spells:

 Spells                   Type           Power      Damage    Failure   Level
 Blink                    Tloc           0%         N/A       100%        2
 Lesser Beckoning         Tloc           0%         N/A       100%        2
 Momentum Strike          Conj/Tloc      0%         3d8       100%        2
 Poisonous Vapours        Pois/Air       0%         N/A       100%        2
 Mephitic Cloud           Conj/Pois/Air  0%         N/A       100%        3
 Manifold Assault         Tloc           0%         N/A       100%        4
 Freezing Cloud           Conj/Ice/Air   0%         6-21      100%        5
 Storm Form               Tmut/Air       0%         N/A       100%        7


Dungeon Overview and Level Annotations

Branches:
Dungeon (4/15)
 Temple: D:4-7

Altars:
Trog


Innate Abilities, Weirdness & Mutations

Your natural rate of healing is accelerated.
You have razor-sharp teeth.
You have supernaturally acute eyesight. (SInv)
You are afflicted with vampirism and can become a bat while bloodless.


Message History

Aiming: Throw Flame
Press: ? - help, Shift-Dir - straight line, f - ogre
Aim: an ogre, wielding a +0 giant club (85% to hit)
The puff of flame hits the ogre.
The ogre is lightly wounded.
Aiming: Throw Flame
Press: ? - help, Shift-Dir - straight line, f/p - ogre
Aim: an ogre, wielding a +0 giant club (lightly wounded, 85% to hit)
The puff of flame hits the ogre.
The ogre is moderately wounded.
Aiming: Throw Flame
Press: ? - help, Shift-Dir - straight line, f/p - ogre
Aim: an ogre, wielding a +0 giant club (moderately wounded, 85% to hit)
The puff of flame hits the ogre.
The ogre is heavily wounded.
You hit the ogre. Your bite misses the ogre.
The ogre is heavily wounded.
The ogre hits you with a +0 giant club!!
Ouch! That really hurt!
You hit the ogre. You bite the ogre, but do no damage.
The ogre is heavily wounded.
The ogre hits you with a +0 giant club!
* * * LOW HITPOINT WARNING * * *
You barely miss the ogre.
The ogre is heavily wounded.
You hit the ogre but do no damage.
The ogre is heavily wounded.
You block the ogre's attack.
Okay, then.
Okay, then.
You barely miss the ogre.
The ogre is heavily wounded.
The ogre barely misses you.
You barely miss the ogre.
The ogre is heavily wounded.
The ogre closely misses you.
You hit the ogre. You bite the ogre.
The ogre is severely wounded.
The ogre hits you with a +0 giant club!
You die...

### ... #
#.########.#.#
#.....<......#
##..###.#....#
#..............
#.##..####.####
#.###..###.#...
#......@O.....#
######..##.#...
##..# ##.# ...
####


You could see an ogre.

Vanquished Creatures
  2 orc priests (D:3)
  Robin (D:2)
  An adder (D:2)
  2 worms (D:3)
  2 dart slugs
  An orc (D:3)
  5 endoplasms
  2 giant cockroaches
  13 goblins
  10 hobgoblins
  6 jackals
  9 kobolds
  A quokka (D:2)
  8 ball pythons
  6 bats
  5 frilled lizards
  2 rats
76 creatures vanquished.

Notes
Turn   | Place    | Note
-------+----------+-------------------------------------------
     0 | D:1      | Iniera the Vampire Fighter began the quest for the Orb.
     0 | D:1      | Reached XP level 1. HP: 17/17 MP: 1/1
    27 | D:1      | Reached skill level 2 in Axes
   179 | D:1      | Reached XP level 2. HP: 23/23 MP: 2/2
   528 | D:1      | Reached skill level 3 in Axes
   781 | D:2      | Gained mutation: You are afflicted with vampirism and can
                  | become a bat while bloodless. [Vampire growth]
   781 | D:2      | Reached XP level 3. HP: 24/28 MP: 3/3
   788 | D:2      | Noticed Robin
   825 | D:2      | Killed Robin
   921 | D:2      | Reached skill level 4 in Axes
   921 | D:2      | Reached XP level 4. HP: 22/34 MP: 4/4
  1032 | D:2      | Found a bloodstained altar of Trog.
  1490 | D:3      | Reached XP level 5. HP: 36/39 MP: 5/5
  1860 | D:3      | Reached skill level 5 in Axes
  1928 | D:4      | Noticed an ogre
  1939 | D:4      | Slain by an ogre

Illustrated notes

Levels and vault maps discovered:
D:1:      lightli_arrival_statue_moat, layout_basic
D:2:      layout_basic, basic_altar, uniq_robin
D:3:      layout_basic
D:4:      layout_basic, minmay_misc_feat_enclosed

Skill      XL: |  1  2  3  4  5 |
---------------+----------------+-----
Axes           | 2 3 4 5 |  5.0
Fighting       | |  2.7
Armour         | |  2.4
Shields        | |  2.6
Invocations    | |  0.2

Action                     |  1- 3 |  4- 6 || total
---------------------------+-------+-------++-------
  Melee: War axe           |    81 |    88 ||   169
         Bite              |     8 |     9 ||    17
  Evoke: Wand              |       |     3 ||     3
    Use: Scroll            |     6 |       ||     6
 Armour: Scale mail        |    51 |    33 ||    84
         Chain mail        |       |    15 ||    15
  Dodge: Dodged            |    49 |    36 ||    85
  Block: Buckler           |    27 |    17 ||    44

Table legend: (Time is in decaauts)
 A = Elapsed time spent in this place.
 B = Non-inter-level travel time spent in this place.
 C = Inter-level travel time spent in this place.
 D = Time resting spent in this place.
 E = Time spent auto-exploring this place.
 F = Levels seen in this place.
 G = Mean time per level.
                   A        B        C        D        E       F      G
               +--------+--------+--------+--------+--------+-----+--------+
         Total |   1999 |   1972 |     27 |      7 |   1496 |   4 |  499.8 |
       Dungeon |   1999 |   1972 |     27 |      7 |   1496 |   4 |  499.8 |
               +--------+--------+--------+--------+--------+-----+--------+

Top non-repeatable levels by time:
     D:1: 793 daAuts
     D:2: 646 daAuts
     D:3: 537 daAuts
     D:4: 21 daAuts
